 Dungeon Sprint DCSS version 0.31-a0-544-gceb718ecc6 (webtiles) character file.

Game seed: 4199931672086185438

6 rocky1 the Changeling (level 1, -4/10 HPs)
             Began as an Octopode Shapeshifter on Aug 16, 2023.
             Splashed by a jelly's acid (11 damage)
             ... in the Dungeon (Sprint IX: "|||||||||||||||||||||||||||||").
             The game lasted 00:00:14 (42 turns).

rocky1 the Changeling (Octopode Shapeshifter)         Turns: 42, Time: 00:00:14

Health: -4/10      AC: -3    Str: 14    XL:     1   Next: 90%
Magic:  1/1        EV: 13    Int: 10    God:
Gold:   0          SH:  0    Dex: 12    Spells: 0/0 levels left

rFire   . .          .
                       - Unarmed
rCold   . . .        (shield currently unavailable)
rNeg    . . .        (helmet restricted)
rPois   .            (no amulet)
rElec   .            (no ring)
rCorr   .            (no ring)
SInv    .            (no ring)
Will    .....        (no ring)
Stlth   +            (no ring)
HPRegen 0.21/turn    (no ring)
MPRegen 0.07/turn    (no ring)
                     (no ring)

%: no teleportation
@: flux-form, corroded, glowing
A: glow, contaminating, reduced hp, almost no armour, amphibious, 8 rings,
camouflage 1, gelatinous body 1, (nimble swimmer 1), tentacles
a: Begin Untransformation


You were in the Dungeon.
You were something dangerously unstable.
You visited 1 branch

Inventory:

Talismans
 b - a beast talisman
 c - a flux talisman (active)
Scrolls
 i - a scroll of blinking
Potions
 a - a potion of lignification
 d - a potion of curing
 e - a potion of heal wounds
 f - a potion of haste
 g - 2 potions of magic
 h - a potion of berserk rage


   Skills:
 * Level 1.0 Fighting
 + Level 2.1 Dodging
 + Level 3.7 Unarmed Combat
 + Level 3.7 Shapeshifting


You couldn't memorise any spells.
You didn't know any spells.
Your spell library was empty.

Dungeon Overview and Level Annotations

Branches:
Dungeon (1/1)

Altars:


Innate Abilities, Weirdness & Mutations

You are something dangerously unstable.
You glow with magical radiation, making you easy to see and hit.
Foes you strike become dangerously contaminated with magical radiation.
Your maximum health is decreased, since you lack skill for your form.
You are incapable of wielding weapons or throwing items.
You cannot wear most types of armour.
You are amphibious.
You can wear up to eight rings at the same time.
Your skin changes colour to match your surroundings (Stealth+).
Your rubbery body absorbs attacks. (AC +1, EV +1)
((You are camouflaged when in or above water. (Stealth+)))
You have tentacles for arms and can constrict up to eight enemies at once.


Message History

You kill the endoplasm!
The quokka twitches its whiskers.
The kobold misses you.
You tentacle-slap the kobold but do no damage.
Your grab misses the kobold. The kobold barely misses you.
You tentacle-slap the kobold. Your grab misses the kobold.
The kobold is moderately wounded.
The kobold closely misses you.
You tentacle-slap the kobold.
You kill the kobold!
You tentacle-slap the giant cockroach but do no damage.
You grab the giant cockroach. You constrict the giant cockroach.
The giant cockroach bites you.
You tentacle-slap the giant cockroach.
You kill the giant cockroach!
You tentacle-slap the ball python.
You kill the ball python!
The quokka bites you. The quokka barely misses you.
Items here: ( ) ††.
You barely miss the quokka. You grab the quokka. You constrict the quokka.
The quokka closely misses you.
You completely miss the quokka. You squeeze the quokka.
You kill the quokka!
You start resting.
HP restored.
Unknown command.
You open the door.
A jelly, 2 scorpions and 2 iguanas come into view.
There are monsters nearby!
You begin transforming.
You continue transforming. x3
Your transformation has ended.
You turn into something dangerously unstable.
The jelly quivers.
The iguana hisses angrily. x2
Unknown command.
You tentacle-slap the jelly.
The jelly begins to glow.
Your tentacles burn!
The jelly is lightly wounded.
The jelly hits you. The acid corrodes you!
You are splashed with acid!
Ouch! That really hurt!
You die...

▓.▓
▓.▓
▓.▓
▓'▓
▓.▓
▓)▓
▓.▓
▓.▓
▓B▓
▓J▓
▓l▓
▓s▓
▓.▓
▓s▓
▓l▓
▓+▓


You could see 2 scorpions, 2 iguanas and a jelly (contam).

Vanquished Creatures
  A ball python (D)
  An endoplasm (D)
  A giant cockroach (D)
  A quokka (D)
  A kobold (D)
5 creatures vanquished.

Notes
Turn   | Place    | Note
-------+----------+-------------------------------------------
     0 | D        | rocky1 the Octopode Shapeshifter began the quest for the
                  | Orb.
     0 | D        | Reached XP level 1. HP: 13/13 MP: 1/1
    36 | D        | Noticed a jelly
    36 | D        | Noticed an iguana
    36 | D        | Noticed a scorpion
    36 | D        | Noticed a scorpion
    36 | D        | Noticed an iguana
    42 | D        | Splashed by a jelly's acid

Illustrated notes

Levels and vault maps discovered:
D:        linesprint [early_d, line_temple, items_1, d_10, items_2, lair_1,
          lair_end, items_3, orc_1, orc_end, items_4, d_15, swamp_1, shoals_1,
          snake_1, spider_1, d_20, vaults_1, items_5, swamp_end, shoals_end,
          snake_end, spider_end, vaults_end, d_27, items_6, zot_1, zot_end,
          crypt_end, forest_end, elf_end, slime_end, tomb_end, abyss_end,
          pan_hell_end]

Action                     || total
---------------------------++-------
  Melee: Unarmed           ||    10
         Constrict         ||     2
         Tentacles         ||     2
  Dodge: Dodged            ||     6
   Form: Flux              ||     1

Table legend: (Time is in decaauts)
 A = Elapsed time spent in this place.
 B = Non-inter-level travel time spent in this place.
 C = Inter-level travel time spent in this place.
 D = Time resting spent in this place.
 E = Time spent auto-exploring this place.
 F = Levels seen in this place.
 G = Mean time per level.
                   A        B        C        D        E       F      G
               +--------+--------+--------+--------+--------+-----+--------+
         Total |     41 |     41 |      0 |     17 |      0 |   1 |   41.0 |
       Dungeon |     41 |     41 |      0 |     17 |      0 |   1 |   41.0 |
               +--------+--------+--------+--------+--------+-----+--------+

Top non-repeatable levels by time:
       D: 41 daAuts
